[Event "*** SCC Grand Prix: Titled Tuesday Blitz"]
[Site "Chess.com"]
[Date "2020.07.21"]
[Round "3"]
[White "Tactictic"]
[Black "romulocardoso"]
[Result "1-0"]
[WhiteElo "2359"]
[BlackElo "2134"]
[TimeControl "180+1"]
[EndTime "10:24:39 PDT"]
[Termination "Tactictic won by checkmate"]

1. e4 c5 2. Nf3 d6 3. d4 cxd4 4. Nxd4 Nf6 5. Nc3 g6 6. Be3 Bg7 7. f3 O-O 8. Qd2 Nc6 9. O-O-O Bd7 10. h4 h5 11. Be2 Rc8 12. Rdg1 Ne5 13. Bg5 Nc4 14.
Bxc4 Rxc4 15. Nde2 b5 16. Bxf6 Bxf6 17. Nd5 Bg7 18.
g4 hxg4 19. h5 g5 20. Qxg5 Kh7 21. Nef4 Bh6 22. Qh4 e5 23. Nf6+ Kg7 24. Rxg4+ Bxg4 25. Qxg4+ Kh8 26. Qf5 Rxc2+ 27. Kb1 Qc8 28. Qh7# 1-0

[Event "*** SCC Grand Prix: Titled Tuesday Blitz"]
[Site "Chess.com"]
[Date "2020.07.21"]
[Round "3"]
[White "lelya96"]
[Black "enkhtuul"]
[Result "1-0"]
[WhiteElo "2183"]
[BlackElo "2375"]
[TimeControl "180+1"]
[EndTime "10:24:44 PDT"]
[Termination "lelya96 won by resignation"]

1. e4 Nf6 2. e5 Nd5 3. d4 d6 4. Nf3 Bg4 5. Be2 e6 6. O-O Be7 7. c4 Nb6 8. Nc3 O-O 9. Be3 N8d7 10. exd6 cxd6 11. b3 d5 12. Rc1 Bxf3 13. Bxf3 dxc4 14.
Bxb7 Rb8 15. Be4 Nf6 16. Bb1 cxb3 17. axb3 Nbd5 18. Ne4 Ba3 19. Rc4 Nxe3 20. fxe3 Nxe4 21. Bxe4 Qh4 22. d5 Qh6 23. d6 Rbd8 24. d7 Qxe3+ 25.
Kh1 f5 26. Bc6 h6 27. Re1 Qf4 28. Rxe6 Rf7 29. Rxf4 1-0

[Event "*** SCC Grand Prix: Titled Tuesday Blitz"]
[Site "Chess.com"]
[Date "2020.07.21"]
[Round "3"]
[White "Logman74"]
[Black "Juanovic"]
[Result "1-0"]
[WhiteElo "2329"]
[BlackElo "2086"]
[TimeControl "180+1"]
[EndTime "10:24:44 PDT"]
[Termination "Logman74 won by resignation"]

1. e4 c5 2. Nf3 d6 3. d4 cxd4 4. Nxd4 Nf6 5. Nc3 g6 6. Be3 Bg7 7. f3 Nc6 8. Qd2 O-O 9. O-O-O d5 10. exd5 Nxd5 11. Nxc6 bxc6 12. Bd4 e5 13. Bc5 Be6 14.
Ne4 a5 15. h4 a4 16. a3 Qa5 17. Qxa5 Rxa5 18. Bxf8 Bxf8 19. Bc4 Ra7 20. g4 Rb7 21. g5 Be7 22. h5 Bf5 23. Bxd5 cxd5 24. Rxd5 Bxe4 25.
fxe4 Bxg5+ 26. Kb1 gxh5 27. Rxe5 f6 28. Ra5 h4 29.
Rxa4 h6 30. Rb4 Re7 31. a4 Kf7 32. a5 Ke8 33. a6 Kd8 34. Rd1+ Kc8 35. Rc4+ Kb8 36. Rd8+ Ka7 37. Rc3 Kxa6 38. Rb8 Ka7 39. Rb4 Re6 40. Ra3+ Ra6 41. Rxa6+ Kxa6 42. Rb3 h5 43. c4 1-0

[Event "*** SCC Grand Prix: Titled Tuesday Blitz"]
[Site "Chess.com"]
[Date "2020.07.21"]
[Round "3"]
[White "AldokhinIvan"]
[Black "dretch"]
[Result "0-1"]
[WhiteElo "2569"]
[BlackElo "2831"]
[TimeControl "180+1"]
[EndTime "10:24:46 PDT"]
[Termination "dretch won by checkmate"]

1. e4 e6 2. d3 d5 3. Nd2 c5 4. Ngf3 Nc6 5. Qe2 Nge7 6. h4 e5 7.
exd5 Nxd5 8. Nxe5 Nd4 9. Qd1 Nb4 10. Ndc4 Nbxc2+ 11. Kd2 b5 12. Qh5 Be6 13. Ne3 Qa5+ 14. Kd1 Qe1# 0-1

[Event "*** SCC Grand Prix: Titled Tuesday Blitz"]
[Site "Chess.com"]
[Date "2020.07.21"]
[Round "3"]
[White "Onischuk_V"]
[Black "Savva09022009"]
[Result "1-0"]
[WhiteElo "2882"]
[BlackElo "2448"]
[TimeControl "180+1"]
[EndTime "10:24:51 PDT"]
[Termination "Onischuk_V won by resignation"]

1. e4 c5 2. Nf3 d6 3. c3 Nf6 4.
Be2 e5 5. O-O Be7 6. Re1 O-O 7.
Bf1 Nc6 8. h3 Be6 9. d3 Qc7 10. a4 d5 11. Na3 dxe4 12. dxe4 Rfd8 13. Qc2 Rd7 14. Ng5 a6 15. Nxe6 fxe6 16. Nc4 Rad8 17.
a5 Rf8 18. Qb3 Rdd8 19. Be3 Nh5 20. Nb6 Kf7 21. Rad1 Rxd1 22. Rxd1 Rd8 23. Bc4 Rxd1+ 24. Qxd1 Nf4 25. Bxf4 exf4 26. Qh5+ g6 27. Qxh7+ Kf6 28.
Qh8+ Kf7 29. Qh7+ Kf6 30. Qg8 Nd8 31. Bxe6 Qe5 32. Nd7+ 1-0

[Event "*** SCC Grand Prix: Titled Tuesday Blitz"]
[Site "Chess.com"]
[Date "2020.07.21"]
[Round "3"]
[White "vanyakuba"]
[Black "promen1999"]
[Result "0-1"]
[WhiteElo "2446"]
[BlackElo "2827"]
[TimeControl "180+1"]
[EndTime "10:24:51 PDT"]
[Termination "promen1999 won by resignation"]

1. e4 c5 2. c3 Qa5 3. Nf3 Nc6 4. Na3 Nf6 5. Nc4 Qc7 6. e5 d5 7. exf6 dxc4 8. fxg7 Bxg7 9. Bxc4 Rg8 10. d3 Bf6 11. g3 Bg4 12. h3 Bh5 13. g4 Bg6 14. Be3 O-O-O 15. Qe2 Na5 16. O-O-O Nxc4 17. dxc4 Qa5 18. b3 Qxc3+ 0-1

[Event "*** SCC Grand Prix: Titled Tuesday Blitz"]
[Site "Chess.com"]
[Date "2020.07.21"]
[Round "3"]
[White "Kirill_Klukin"]
[Black "davigator"]
[Result "1-0"]
[WhiteElo "2720"]
[BlackElo "2335"]
[TimeControl "180+1"]
[EndTime "10:24:53 PDT"]
[Termination "Kirill_Klukin won by resignation"]

1. d4 Nf6 2. Nf3 e6 3. e3 b6 4.
Bd3 d5 5. O-O Be7 6. c4 O-O 7.
cxd5 exd5 8. b3 Ba6 9. Bxa6 Nxa6 10. Bb2 Bd6 11. Nc3 c6 12. Rc1 Rc8 13. Ne2 Re8 14.
Qd3 Nb8 15. Ne5 Ne4 16. f3 Nf6 17. Ng3 g6 18. f4 Qe7 19. f5 Ne4 20. fxg6 f6 21.
Nxe4 dxe4 22. Qc4+ Kg7 23. Ng4 f5 24. Rxf5 Kxg6 25.
Rcf1 Rf8 26. Rf6+ Rxf6 27. Rxf6+ Kg7 28. d5 Be5 29. Bxe5 1-0

[Event "*** SCC Grand Prix: Titled Tuesday Blitz"]
[Site "Chess.com"]
[Date "2020.07.21"]
[Round "3"]
[White "2008king"]
[Black "Oglob71"]
[Result "0-1"]
[WhiteElo "2251"]
[BlackElo "2517"]
[TimeControl "180+1"]
[EndTime "10:25:13 PDT"]
[Termination "Oglob71 won by resignation"]

1. e4 c5 2. Nf3 e6 3. d4 cxd4 4.
Nxd4 Nf6 5. Nc3 Bb4 6. e5 Nd5 7.
Qg4 O-O 8. Bd2 Qa5 9. Nb3 Qc7 10. Nxd5 Bxd2+ 11. Nxd2 exd5 12. Qg3 Nc6 13. f4 d6 14. Nf3 Bf5 15. Bd3 Qa5+ 16. Nd2 Bxd3 17. cxd3 dxe5 18. fxe5 Rae8 19. Rd1 Rxe5+ 20. Kf2 Rfe8 21. Rhf1 Qc5+ 22. Kf3 Nd4+ 23. Kg4 Qc8+ 24. Kh4 Nf5+ 25. Rxf5 Qxf5 26. Qg4 Qf6+ 27. Kg3 Rg5 28. Qxg5 0-1

[Event "*** SCC Grand Prix: Titled Tuesday Blitz"]
[Site "Chess.com"]
[Date "2020.07.21"]
[Round "3"]
[White "baki83"]
[Black "MNyuyu"]
[Result "1-0"]
[WhiteElo "2738"]
[BlackElo "2428"]
[TimeControl "180+1"]
[EndTime "10:25:14 PDT"]
[Termination "baki83 won by checkmate"]

1. e4 d5 2. exd5 Qxd5 3. Nc3 Qd8 4. Nf3 Bg4 5. h3 Bh5 6. g4 Bg6 7. Ne5 Nd7 8. Nxg6 hxg6 9. Bg2 c6 10. d4 e6 11. O-O Ngf6 12. Re1 Qc7 13. d5 cxd5 14. Nxd5 Nxd5 15. Qxd5 O-O-O 16. Qf3 Nf6 17. c4 Bb4 18.
Bf4 Bd6 19. Be3 Kb8 20. Red1 Be5 21. Rab1 a6 22. b4 Rd7 23. Rxd7 Qxd7 24. b5 a5 25. g5 Nh5 26. Rd1 Qe7 27. c5 Rc8 28. c6 bxc6 29.
bxc6 Bc7 30. Rb1+ Ka8 31. Qe2 Bb8 32. c7# 1-0

[Event "*** SCC Grand Prix: Titled Tuesday Blitz"]
[Site "Chess.com"]
[Date "2020.07.21"]
[Round "3"]
[White "tigra"]
[Black "deep306"]
[Result "1-0"]
[WhiteElo "2843"]
[BlackElo "2574"]
[TimeControl "180+1"]
[EndTime "10:25:15 PDT"]
[Termination "tigra won by resignation"]

1. e4 e6 2. d4 d5 3. Nc3 Bb4 4. e5 c5 5. a3 Bxc3+ 6. bxc3 Ne7 7. Qg4 cxd4 8. Qxg7 Rg8 9. Qxh7 Qc7 10. Ne2 Nbc6 11.
f4 dxc3 12. Rb1 d4 13. Ng3 Nxe5 14. fxe5 Qxe5+ 15. Qe4 Qd6 16. Bf4 Qd7 17. Bb5 Nc6 18. O-O a6 19. Bxc6 Qxc6 20. Qxc6+ bxc6 21. Ne4 Rg6 22. Be5 f5 23. Nc5 Rg4 24. h3 Rh4 25.
Rb4 a5 26. Rxd4 Rxd4 27. Bxd4 1-0

[Event "*** SCC Grand Prix: Titled Tuesday Blitz"]
[Site "Chess.com"]
[Date "2020.07.21"]
[Round "3"]
[White "HouseOfDurin"]
[Black "Chesswizard_2007"]
[Result "0-1"]
[WhiteElo "2060"]
[BlackElo "2464"]
[TimeControl "180+1"]
[EndTime "10:25:19 PDT"]
[Termination "Chesswizard_2007 won by resignation"]

1. d4 Nf6 2. Bg5 d5 3. Bxf6 exf6 4. e3 Bd6 5. c4 dxc4 6. Bxc4 O-O 7. Ne2 Nc6 8. a3 Bg4 9. Nbc3 a6 10. O-O Qd7 11. f3 Bh5 12. Bd3 Rad8 13. g4 Bg6 14. Bxg6 hxg6 15.
Ne4 Rfe8 16. Nxd6 Qxd6 17. Kf2 Qxh2+ 18. Ke1 Rxe3 19. Rf2 Qh6 20. d5 Ne5 0-1

[Event "*** SCC Grand Prix: Titled Tuesday Blitz"]
[Site "Chess.com"]
[Date "2020.07.21"]
[Round "3"]
[White "LimaRR"]
[Black "PotapovaM"]
[Result "0-1"]
[WhiteElo "2111"]
[BlackElo "2469"]
[TimeControl "180+1"]
[EndTime "10:25:21 PDT"]
[Termination "PotapovaM won by resignation"]

1. e4 c5 2. Nf3 d6 3. d4 cxd4 4. Nxd4 Nf6 5. Nc3 a6 6. Bg5 e6 7. Qe2 h6 8. Bh4 Be7 9. O-O-O Qc7 10. f4 Nbd7 11. g4 b5 12. a3 Bb7 13. Bg2 O-O-O 14. Bg3 e5 15. Nf5 Bf8 16. g5 hxg5 17. fxg5 Nh5 18.
Ne3 Nb6 19. Be1 Be7 20. h4 Nf4 21. Bf3 Nxe2+ 0-1

[Event "*** SCC Grand Prix: Titled Tuesday Blitz"]
[Site "Chess.com"]
[Date "2020.07.21"]
[Round "3"]
[White "penguingm1"]
[Black "dolynachess"]
[Result "1-0"]
[WhiteElo "2925"]
[BlackElo "2454"]
[TimeControl "180+1"]
[EndTime "10:25:22 PDT"]
[Termination "penguingm1 won by resignation"]

1. d4 Nf6 2. c4 c5 3. d5 b5 4. cxb5 a6 5. e3 g6 6. Nc3 Bg7 7. Nf3 O-O 8. a4 d6 9. e4 Ne8 10. Ra3 axb5 11. Bxb5 Nc7 12. Be2 Ba6 13. O-O Bxe2 14.
Qxe2 Nba6 15. e5 Nb4 16. Rd1 Qc8 17. Bg5 Re8 18. h4 Qa6 19. Qe4 Rad8 20. h5 Qb7 21.
e6 fxe6 22. hxg6 exd5 23. gxh7+ Kh8 24. Qg6 e5 25. Bxd8 Rxd8 26. Ng5 Rf8 27. Nf7+ Rxf7 28. Qxf7 Qc8 29. Nb5 1-0

[Event "*** SCC Grand Prix: Titled Tuesday Blitz"]
[Site "Chess.com"]
[Date "2020.07.21"]
[Round "3"]
[White "OhanyanEminChess"]
[Black "Eliwood44"]
[Result "0-1"]
[WhiteElo "2456"]
[BlackElo "2315"]
[TimeControl "180+1"]
[EndTime "10:25:24 PDT"]
[Termination "Eliwood44 won by resignation"]

1. e4 e5 2. Nc3 Nf6 3. Bc4 Nc6 4. d3 Bc5 5. f4 d6 6. Nf3 O-O 7. f5 Nd4 8. Bg5 c6 9. Nxd4 exd4 10. Ne2 d5 11. Bb3 dxe4 12. dxe4 Re8 13. Qd3 Qa5+ 14.
Bd2 Qb6 15. Ng3 Nxe4 16. Nxe4 Bxf5 17. O-O Bxe4 18. Bxf7+ Kh8 19. Qg3 Rf8 20. Bh6 d3+ 21. Kh1 Bd4 22. c3 gxh6 23. cxd4 Qxd4 24. Bb3 Bd5 25. Qd6 Bxg2+ 0-1

[Event "*** SCC Grand Prix: Titled Tuesday Blitz"]
[Site "Chess.com"]
[Date "2020.07.21"]
[Round "3"]
[White "icychess54"]
[Black "Klaus1995"]
[Result "1-0"]
[WhiteElo "2272"]
[BlackElo "1900"]
[TimeControl "180+1"]
[EndTime "10:25:24 PDT"]
[Termination "icychess54 won by resignation"]

1. c4 Nf6 2. Nf3 e6 3. e3 c5 4. Nc3 d5 5. cxd5 Nxd5 6. d4 Be7 7. Be2 cxd4 8. Nxd4 a6 9. O-O O-O 10. Nxd5 Qxd5 11.
b3 Nd7 12. Bb2 Nf6 13. Bf3 Qa5 14. Rc1 e5 15. Ne2 e4 16. Bxf6 Bxf6 17. Bxe4 Qxa2 18. Nd4 Rb8 19. Qd3 g6 20. Ra1 Qb2 21. Rfb1 Bxd4 22. exd4 Qxb1+ 23. Rxb1 b5 24. d5 Bb7 25. d6 Bxe4 26.
Qxe4 Rfd8 27. Rd1 Rb6 28. Qe7 Rbb8 29. h4 h5 30. d7 Kg7 31. Qe5+ Kg8 32. Qxb8 Rxb8 33.
d8=Q+ Rxd8 34. Rxd8+ 1-0

[Event "*** SCC Grand Prix: Titled Tuesday Blitz"]
[Site "Chess.com"]
[Date "2020.07.21"]
[Round "3"]
[White "Infernal_XaM"]
[Black "DanielMieles1985"]
[Result "1-0"]
[WhiteElo "2981"]
[BlackElo "2611"]
[TimeControl "180+1"]
[EndTime "10:25:25 PDT"]
[Termination "Infernal_XaM won by resignation"]

1. d4 Nf6 2. c4 e6 3. Nf3 d5 4. Nc3 c6 5. e3 Nbd7 6. Qc2 Bd6 7. g4 Nxg4 8. Rg1 Nxh2 9. Nxh2 Bxh2 10. Rxg7 Qf6 11.
Rxh7 Nf8 12. Rxh8 Qxh8 13. Bd2 Bd7 14. O-O-O Bd6 15. e4 Qxd4 16. Be3 Qf6 17. exd5 exd5 18. cxd5 c5 19. Ne4 Qe7 20. Nxd6+ Qxd6 21. Qe4+ Kd8 22. Qh4+ f6 23. Bf4 Qb6 24. Be5 Ng6 25. Bxf6+ Ke8 26. Qg5 Kf7 27. Bc3 Re8 28. d6 1-0

[Event "*** SCC Grand Prix: Titled Tuesday Blitz"]
[Site "Chess.com"]
[Date "2020.07.21"]
[Round "3"]
[White "Artem_Sadovsky"]
[Black "OrtizAnahi2001"]
[Result "1-0"]
[WhiteElo "2523"]
[BlackElo "2269"]
[TimeControl "180+1"]
[EndTime "10:25:31 PDT"]
[Termination "Artem_Sadovsky won by resignation"]

1. Nf3 d5 2. d4 e6 3. c4 Nf6 4. Nc3 Be7 5. Bf4 O-O 6. e3 dxc4 7. Bxc4 a6 8. Be2 b6 9. Ne5 Bb7 10. Bf3 Nd5 11. Nxd5 exd5 12. O-O Nd7 13. Rc1 Nxe5 14.
Bxe5 c5 15. dxc5 bxc5 16. Qd2 Qd7 17. Rfd1 Rfd8 18. b4 c4 19. Rxc4 dxc4 20. Qxd7 Rxd7 21. Rxd7 Bxf3 22. gxf3 Bxb4 23. Rc7 f6 24. Bd4 Rb8 25. Rxc4 Bd6 26. Rc6 Be7 27. Rxa6 Kf7 28. a4 h5 29. Kg2 g5 30. a5 Rb1 31. Rc6 Rb3 32. a6 Ra3 33. a7 1-0

[Event "*** SCC Grand Prix: Titled Tuesday Blitz"]
[Site "Chess.com"]
[Date "2020.07.21"]
[Round "3"]
[White "joksijoksi"]
[Black "chalowey97"]
[Result "0-1"]
[WhiteElo "2330"]
[BlackElo "2133"]
[TimeControl "180+1"]
[EndTime "10:25:33 PDT"]
[Termination "chalowey97 won by checkmate"]

1. e4 e6 2. d4 d5 3. exd5 exd5 4. Nf3 Bd6 5. c4 dxc4 6. Bxc4 Nc6 7. h3 Nf6 8. O-O O-O 9. Nc3 Bf5 10. Re1 h6 11. a3 a6 12. Be3 Qd7 13. b4 Rfe8 14. Qb3 Rad8 15. Re2 Bf8 16. Rc1 Bxh3 17. gxh3 Qxh3 18. Bxf7+ Kh8 19. Bxe8 Qxf3 20. Bxc6 bxc6 21. Qf7 Bd6 22. Qg6 Ng4 23. Kf1 Qh1# 0-1

[Event "*** SCC Grand Prix: Titled Tuesday Blitz"]
[Site "Chess.com"]
[Date "2020.07.21"]
[Round "3"]
[White "Vesper2018"]
[Black "BillieKimbah"]
[Result "0-1"]
[WhiteElo "2599"]
[BlackElo "2891"]
[TimeControl "180+1"]
[EndTime "10:25:37 PDT"]
[Termination "BillieKimbah won by resignation"]

1. e4 c5 2. Nc3 e6 3. Nge2 Nc6 4. d4 cxd4 5. Nxd4 Qc7 6. Be2 a6 7.
O-O Nf6 8. Be3 b5 9. Nxc6 dxc6 10. f3 Bd6 11. f4 e5 12. f5 Bb7 13. Bf3 Rd8 14.
Qe2 h6 15. Rad1 c5 16. Kh1 c4 17. Nd5 Bxd5 18. exd5 O-O 19. g3 Rfe8 20. Bg2 e4 21.
Bd4 Be5 22. c3 Rxd5 23. Bxe5 Rexe5 24. Rd4 Rxd4 25. cxd4 Re8 26. Rd1 Qd6 27. d5 Re5 28. Re1 Rxd5 0-1

[Event "*** SCC Grand Prix: Titled Tuesday Blitz"]
[Site "Chess.com"]
[Date "2020.07.21"]
[Round "3"]
[White "korkmaz16"]
[Black "Zurability"]
[Result "0-1"]
[WhiteElo "2340"]
[BlackElo "2570"]
[TimeControl "180+1"]
[EndTime "10:25:38 PDT"]
[Termination "Zurability won by resignation"]

1. d4 Nf6 2. Nf3 c5 3. d5 b5 4. e4 Nxe4 5. Bxb5 Qa5+ 6. Nc3 Nxc3 7. Bxd7+ Nxd7 8. bxc3 Qxc3+ 9. Bd2 Qc4 10. Be3 Ba6 11. Qd2 g6 12. Qd3 Qb4+ 13. Qd2 Bg7 14. Qxb4 cxb4 15. Rc1 Nb6 16. Bd4 Bxd4 17. Nxd4 Nxd5 18. f3 Rc8 19. Kf2 O-O 20. Rhe1 Rc4 21. Rcd1 Rfc8 22. Rd2 e6 23. g3 Rc3 24. Re5 Ra3 25. Nb3 Rxa2 26. Ree2 Bxe2 0-1

[Event "*** SCC Grand Prix: Titled Tuesday Blitz"]
[Site "Chess.com"]
[Date "2020.07.21"]
[Round "3"]
[White "MiroVlasenko"]
[Black "dopolian"]
[Result "1-0"]
[WhiteElo "2724"]
[BlackElo "2427"]
[TimeControl "180+1"]
[EndTime "10:25:41 PDT"]
[Termination "MiroVlasenko won by resignation"]

1. d4 Nf6 2. Bg5 d5 3. e3 e6 4. Nd2 Be7 5. Bd3 O-O 6. f4 Nbd7 7. Ngf3 b6 8. Ne5 Bb7 9. Qf3 c5 10. c3 Rc8 11. g4 cxd4 12. exd4 Ne8 13. Qh3 g6 14. Bh6 Ng7 15. Ndf3 f5 16. gxf5 exf5 17. Rg1 Bf6 18. O-O-O b5 19. Bxg7 Bxg7 20. Ng5 h6 21.
Ne6 Qe7 22. Rxg6 1-0

[Event "*** SCC Grand Prix: Titled Tuesday Blitz"]
[Site "Chess.com"]
[Date "2020.07.21"]
[Round "3"]
[White "chessbia"]
[Black "Smile2005"]
[Result "0-1"]
[WhiteElo "2178"]
[BlackElo "2406"]
[TimeControl "180+1"]
[EndTime "10:25:43 PDT"]
[Termination "Smile2005 won by resignation"]

1. d4 Nf6 2. c4 g6 3. Nc3 Bg7 4.
e4 O-O 5. h3 d6 6. Be3 e5 7. d5 c6 8. g4 cxd5 9. cxd5 a5 10.
Nge2 Na6 11. Ng3 Bd7 12. a4 Nb4 13. Be2 Rc8 14. O-O Ne8 15. Kg2 f5 16. exf5 gxf5 17. gxf5 Nf6 18. f4 Rxc3 19. bxc3 Nbxd5 20. Bc4 Kh8 21. Bxd5 Nxd5 22. Qd3 Bc6 23. Kh2 exf4 24. Bxf4 Nxf4 25. Rxf4 Be5 26. Rg4 Qb6 27. Rg1 Qf2+ 0-1

[Event "*** SCC Grand Prix: Titled Tuesday Blitz"]
[Site "Chess.com"]
[Date "2020.07.21"]
[Round "3"]
[White "Haykoooo0o"]
[Black "praveenb2002"]
[Result "0-1"]
[WhiteElo "2519"]
[BlackElo "2755"]
[TimeControl "180+1"]
[EndTime "10:25:44 PDT"]
[Termination "praveenb2002 won on time"]

1. d4 e5 2. dxe5 Nc6 3. Nf3 Qe7 4. Bg5 Qb4+ 5. Bd2 Qxb2 6. Nc3 Bb4 7. Rb1 Qa3 8. Nb5 Qa5 9. e3 a6 10. Nbd4 Bxd2+ 11. Nxd2 Nxe5 12. Be2 Qxa2 13. O-O Nf6 14. Nf5 O-O 15. f4 Ng6 16. Bd3 d6 17. Nb3 Qa4 18. Qf3 Re8 19. Rbe1 d5 20. g4 Ne4 21. Bxe4 Qxe4 0-1

[Event "*** SCC Grand Prix: Titled Tuesday Blitz"]
[Site "Chess.com"]
[Date "2020.07.21"]
[Round "3"]
[White "FabianoCaruana"]
[Black "okriak"]
[Result "1-0"]
[WhiteElo "3045"]
[BlackElo "2697"]
[TimeControl "180+1"]
[EndTime "10:25:45 PDT"]
[Termination "FabianoCaruana won by resignation"]

1. e4 e5 2. Nf3 Nc6 3. Bb5 a6 4. Ba4 Nf6 5. d3 d6 6. O-O g6 7. c3 Bg7 8. Re1 O-O 9. Nbd2 b5 10. Bc2 Re8 11. a4 b4 12. a5 Rb8 13. h3 bxc3 14. bxc3 Na7 15. Nc4 Nb5 16. Bd2 Be6 17. Ne3 Bd7 18.
Bb3 Be6 19. Bxe6 Rxe6 20. Qc2 Re8 21. Reb1 Nd7 22. Nd5 c6 23. Nb4 Qc8 24. Be3 Nf8 25.
Qd2 Ne6 26. Bb6 h5 27. Re1 Kh7 28. Rad1 Bh6 29. Qc2 Bg7 30. d4 exd4 31. cxd4 c5 32. dxc5 dxc5 33. Nd5 c4 34. e5 Qc6 35. Nf6+ Bxf6 36.
exf6 c3 37. Ne5 Qa8 38. Rd7 Rb7 39. Qxg6+ 1-0

[Event "*** SCC Grand Prix: Titled Tuesday Blitz"]
[Site "Chess.com"]
[Date "2020.07.21"]
[Round "3"]
[White "sm_sharon"]
[Black "HanSchut"]
[Result "0-1"]
[WhiteElo "2050"]
[BlackElo "2314"]
[TimeControl "180+1"]
[EndTime "10:25:45 PDT"]
[Termination "HanSchut won by resignation"]

1. e4 c5 2. Ne2 d6 3. g3 g6 4. Bg2 Bg7 5. O-O Nc6 6. c3 e6 7. d4 cxd4 8. cxd4 Nge7 9. Nbc3 O-O 10.
a3 Bd7 11. Be3 Rc8 12. Rc1 Na5 13. Rc2 Nc4 14. Bc1 b5 15. b3 Nb6 16. Bb2 a5 17.
a4 bxa4 18. Nxa4 Nxa4 19. bxa4 Qb6 20. Rxc8 Rxc8 21. Qa1 Rc2 0-1

[Event "*** SCC Grand Prix: Titled Tuesday Blitz"]
[Site "Chess.com"]
[Date "2020.07.21"]
[Round "3"]
[White "Virgo15"]
[Black "Happy1712Drummer"]
[Result "1-0"]
[WhiteElo "2682"]
[BlackElo "2414"]
[TimeControl "180+1"]
[EndTime "10:25:47 PDT"]
[Termination "Virgo15 won by resignation"]

1. d4 e6 2. Nf3 Nf6 3. Bf4 c5 4. e3 Qb6 5. Na3 cxd4 6. Nb5 Nd5 7. Qxd4 Qxd4 8. Nfxd4 Nxf4 9. Nc7+ Kd8 10. Nxa8 Nd5 11. O-O-O Nc6 12. e4 Ndb4 13. a3 Nxd4 14. axb4 e5 15. c3 Ne6 16. Bc4 b6 17. Rd2 d6 18.
Bd5 Be7 19. Kc2 Nf4 20. Ra1 Nxd5 21. Rxd5 Bb7 22. Rxa7 Bxd5 23. exd5 Bg5 24. Nxb6 Rf8 25. g3 1-0

[Event "*** SCC Grand Prix: Titled Tuesday Blitz"]
[Site "Chess.com"]
[Date "2020.07.21"]
[Round "3"]
[White "Kobalia"]
[Black "talman67"]
[Result "1-0"]
[WhiteElo "2758"]
[BlackElo "2488"]
[TimeControl "180+1"]
[EndTime "10:25:49 PDT"]
[Termination "Kobalia won by resignation"]

1. e4 e5 2. Nf3 Nc6 3. Bb5 a6 4. Ba4 Nf6 5. O-O Nxe4 6. d4 b5 7. Bb3 d5 8. dxe5 Be6 9. Nbd2 Nc5 10. c3 d4 11. cxd4 Nxd4 12. Nxd4 Qxd4 13. Qf3 O-O-O 14. Bxe6+ fxe6 15. Nb3 Qd5 16. Qh3 Nd3 17. Bg5 Rd7 18. Rfd1 Bc5 19. Nxc5 Qxc5 20. Rxd3 Rxd3 21. Qxd3 Qxe5 22.
Qe3 Qxb2 23. Qxe6+ Kb8 24. Rc1 Rd8 25. h4 Rd6 26. Qe7 Qxc1+ 27. Bxc1 Rd1+ 28. Kh2 Rxc1 29. Qxg7 h5 30. Qh8+ Kb7 31. Qxh5 Rc2 32. Qd5+ c6 33. Qf7+ Kb6 34. h5 Rc4 35. g3 1-0

[Event "*** SCC Grand Prix: Titled Tuesday Blitz"]
[Site "Chess.com"]
[Date "2020.07.21"]
[Round "3"]
[White "Anna_ChessMate"]
[Black "Ausbildung"]
[Result "1-0"]
[WhiteElo "2508"]
[BlackElo "2230"]
[TimeControl "180+1"]
[EndTime "10:25:51 PDT"]
[Termination "Anna_ChessMate won by resignation"]

1. d4 g6 2. c4 Bg7 3. g3 d6 4. Bg2 Nd7 5. Nc3 e5 6. dxe5 dxe5 7. Nf3 c6 8. O-O Qc7 9. Qc2 a5 10. Bg5 Nc5 11. Rad1 Ne6 12. Be3 Nf6 13. Na4 c5 14. Nc3 Nd4 15. Bxd4 exd4 16. Nb5 Qb6 17. e3 Bf5 18.
Qa4 O-O 19. exd4 Rac8 20. d5 Ne4 21. Nh4 Bd7 22. Bxe4 Bxb2 23. Qc2 Bg7 24. a4 Rfe8 25. Bg2 Bg4 26. Rde1 Qf6 27. d6 1-0

[Event "*** SCC Grand Prix: Titled Tuesday Blitz"]
[Site "Chess.com"]
[Date "2020.07.21"]
[Round "3"]
[White "alfiefischer77"]
[Black "IANOV0007"]
[Result "0-1"]
[WhiteElo "2200"]
[BlackElo "2417"]
[TimeControl "180+1"]
[EndTime "10:25:52 PDT"]
[Termination "IANOV0007 won by resignation"]

1. e4 d6 2. d4 Nf6 3. Nc3 c6 4. Nf3 Bg4 5. h3 Bh5 6. Be2 e6 7. Bf4 d5 8. e5 Nfd7 9. O-O Be7 10. Qd2 O-O 11. Bg5 c5 12. Bxe7 Qxe7 13. Rfe1 Bxf3 14. Bxf3 cxd4 15. Qxd4 Nc6 16. Qf4 a6 17. Rad1 Rac8 18. a3 Rfd8 19. h4 Nb6 20. Ne2 Nc4 21. Ng3 Nxb2 22.
Rb1 Nc4 23. Nh5 Kh8 24. Qg3 Rg8 25. Qf4 b5 26. a4 b4 27. Rbd1 a5 28. Ng3 Qc7 29.
Nh5 N6xe5 0-1

[Event "*** SCC Grand Prix: Titled Tuesday Blitz"]
[Site "Chess.com"]
[Date "2020.07.21"]
[Round "3"]
[White "Nayemhaque22"]
[Black "MergenKakabaev"]
[Result "0-1"]
[WhiteElo "2183"]
[BlackElo "2485"]
[TimeControl "180+1"]
[EndTime "10:25:54 PDT"]
[Termination "MergenKakabaev won by resignation"]

1. e4 e5 2. Nf3 Nc6 3. Bb5 a6 4. Ba4 Nf6 5. d3 b5 6. Bb3 Be7 7. Bd2 d6 8. h3 O-O 9. a3 Bb7 10. Nc3 Nd4 11. Nxd4 exd4 12. Ne2 c5 13. O-O Rc8 14. c4 dxc3 15. Nxc3 c4 16. dxc4 bxc4 17. Bc2 d5 18. exd5 Nxd5 19. Nxd5 Qxd5 20. f3 Rfd8 21.
Be3 Qe5 22. Qc1 Bd6 23. f4 Qd5 24. Rf2 Re8 25. Re2 Rxe3 0-1

[Event "*** SCC Grand Prix: Titled Tuesday Blitz"]
[Site "Chess.com"]
[Date "2020.07.21"]
[Round "3"]
[White "AlexVanGog"]
[Black "davidkalashian"]
[Result "1-0"]
[WhiteElo "2821"]
[BlackElo "2538"]
[TimeControl "180+1"]
[EndTime "10:25:57 PDT"]
[Termination "AlexVanGog won by resignation"]

1. e4 c5 2. Nf3 d6 3. d4 Nf6 4.
Nc3 cxd4 5. Nxd4 a6 6. g3 Bg4 7.
f3 Bd7 8. Bg2 e5 9. Nde2 Bc6 10.
Be3 Be7 11. O-O d5 12. exd5 Nxd5 13. Nxd5 Qxd5 14. Qxd5 Bxd5 15. Nc3 Bc6 16. Rad1 O-O 17. Nd5 Bxd5 18. Rxd5 Nc6 19. Rd7 Rab8 20. Rfd1 Bf6 21. c3 b5 22. f4 Na5 23. Bc5 Rfe8 24. Bd5 Red8 25. Bxf7+ Kh8 26. Rxd8+ Rxd8 27. Rxd8+ Bxd8 28. fxe5 Nc6 29. Bd6 Be7 30. Bd5 Bxd6 31. exd6 Nd8 32. Kf2 g6 33. Ke3 Kg7 34. Kd4 Kf6 35. b3 Ne6+ 36.
Bxe6 Kxe6 37. Kc5 1-0

[Event "*** SCC Grand Prix: Titled Tuesday Blitz"]
[Site "Chess.com"]
[Date "2020.07.21"]
[Round "3"]
[White "turayev_shahruh17"]
[Black "poppy73"]
[Result "1-0"]
[WhiteElo "2518"]
[BlackElo "2259"]
[TimeControl "180+1"]
[EndTime "10:25:57 PDT"]
[Termination "turayev_shahruh17 won by resignation"]

1. e4 c5 2. Nc3 a6 3. a4 e6 4. g3 d5 5. exd5 exd5 6. Bg2 Nf6 7.
Nge2 Be7 8. d4 O-O 9. O-O Be6 10. dxc5 Bxc5 11. Bg5 d4 12. Ne4 Be7 13. Nxd4 Nxe4 14. Bxe7 Qxe7 15. Bxe4 Rd8 16. c3 Nc6 17. Bxc6 bxc6 18.
Nxc6 Qc7 19. Nxd8 Rxd8 20. Qh5 g6 21. Qh6 Bg4 22. Rfe1 Qb7 23. Qg5 Qd7 24. Re7 Qd6 25.
Rae1 Be6 26. Qf6 Rd7 27. Re8+ Qf8 28. Rxf8+ Kxf8 29. Rxe6 Rd1+ 30. Kg2 1-0